 Dungeon Crawl Stone Soup version 0.31-a0-152-g6aa68a64a1 (webtiles) character file.

Game seed: 4602005033892427905

165 Elmgren the Shooter (level 5, -3/47 HPs)
             Began as a Minotaur Hunter on June 9, 2023.
             Slain by Crazy Yiuf
             ... wielding a +2 quarterstaff of chaos
              (7 damage)
             ... on level 2 of the Dungeon.
             The game lasted 00:02:34 (1367 turns).

Elmgren the Shooter (Minotaur Hunter)               Turns: 1367, Time: 00:02:35

Health: -3/47      AC:  3    Str: 16    XL:     5   Next: 22%
Magic:  4/4        EV: 13    Int:  6    God:
Gold:   97         SH:  0    Dex: 15    Spells: 4/4 levels left

rFire   . . .        a - +0 shortbow
rCold   . . .        (shield currently unavailable)
rNeg    . . .        c - +0 leather armour
rPois   .            (helmet restricted)
rElec   .            (no cloak)
rCorr   .            (no gloves)
SInv    .            (no boots)
Will    .....        (no amulet)
Stlth   +            (no ring)
HPRegen 0.27/turn    (no ring)
MPRegen 0.09/turn

%: no passive effects
@: lethally poisoned (-3 -> -23)
A: horns 2, retaliatory headbutt
a: no special abilities


You were on level 2 of the Dungeon.
You visited 1 branch of the dungeon, and saw 2 of its levels.

You collected 97 gold pieces.


Innate Abilities, Weirdness & Mutations

You have a pair of horns on your head.
You reflexively headbutt those who attack you in melee.


   Skills:
 + Level 4.3 Fighting
 + Level 5.4 Ranged Weapons
 + Level 3.9 Dodging
 - Level 0.7 Stealth


You had 4 spell levels left.
You didn't know any spells.
Your spell library was empty.

Inventory:

Hand Weapons
 a - a +0 shortbow (weapon)
Missiles
 k - 13 stones
Armour
 c - a +0 leather armour (worn)
Wands
 m - a wand of iceblast (9)
   (You found it on level 2 of the Dungeon)
Scrolls
 b - a scroll of butterflies
 d - 2 scrolls of blinking {unknown}
 e - 5 scrolls of enchant weapon {unknown}
 f - a scroll of teleportation {unknown}
 i - a scroll of identify {unknown}
 l - a scroll of silence {unknown}
 o - a scroll of magic mapping {unknown}
Potions
 g - a potion of magic {unknown}
 h - a potion of mutation {unknown}
 j - 2 potions of lignification {unknown}
 n - a potion of heal wounds {unknown}

Dungeon Overview and Level Annotations

Branches:
Dungeon (2/15) Zot: 10608

Altars:

Shops:
D:2 (

Annotations:
D:2 Crazy Yiuf

#<# #.#
##### #)#
#)..# #.#
#...# #.#
... #)# ###
#'#
##.###.##
♣.♣♣
........#
♣♣.♣
##..##.##
♣@♣♣
##..##.###
♣♣.♣
..#......##
♣♣.♣♣
##..##....#
♣♣...♣
###.####.##
♣....♣ #
#.......#
#....# #
#.####.##
##..## #
#.# #.#
#...# # #.#
#.# #...#


There were no monsters in sight!


Message History

You shoot an arrow. The arrow hits the hobgoblin!
You kill the hobgoblin!
Found a runed translucent door.
No target in view!
Crazy Yiuf shouts!
You see here a +0 club.
A giant cockroach comes into view.
You shoot an arrow. The arrow hits the giant cockroach.
A giant cockroach is nearby!
You shoot an arrow.
The arrow barely misses the giant cockroach.
The giant cockroach bites you but does no damage.
A giant cockroach is nearby!
You shoot an arrow.
The arrow hits the giant cockroach but does no damage.
The giant cockroach misses you. You furiously retaliate!
You headbutt the giant cockroach.
You kill the giant cockroach!
d - 2 scrolls labelled OVULENG ZYGIR (gained 1)
o - a scroll labelled AKHLOSO EBBAR No target in view!
Natasha, Servant of Life and Death comes into view.
Fire: a) +0 shortbow
Press: ? - help, Q - select action, (/) - cycle Shift-Dir - straight line, f - Natasha
Aim: Natasha (asleep, 98% to hit)
You shoot an arrow. The arrow hits Natasha!
Natasha hisses angrily.
Fire: a) +0 shortbow
Press: ? - help, Q - select action, (/) - cycle Shift-Dir - straight line, f/p - Natasha
Aim: Natasha (severely wounded, 56% to hit)
You shoot an arrow. The arrow hits Natasha!
You kill Natasha!
Natasha growls in agony!
You have reached level 5! 😎 HP[+6] MP[+1]
You now have 46 max hp (+6).
Your hp is fully restored (46).
Your mp is fully restored (4).
No target in view!
j - 2 clear potions (gained 1)
There is a shaft here.
Natasha, Servant of Life and Death comes into view.
Natasha moves out of view.
Fire: a) +0 shortbow
Press: ? - help, Q - select action, (/) - cycle Shift-Dir - straight line, f - you That would be overly suicidal.
Okay, then.
No target in view!
Natasha hisses angrily.
Fire: a) +0 shortbow
Press: ? - help, Q - select action, (/) - cycle Shift-Dir - straight line, f - Natasha
Aim: Natasha (56% to hit)
You shoot an arrow. The arrow hits Natasha!
Fire: a) +0 shortbow
Press: ? - help, Q - select action, (/) - cycle Shift-Dir - straight line, f/p - Natasha
Aim: Natasha (heavily wounded, 56% to hit)
You shoot an arrow. The arrow hits Natasha!
Fire: a) +0 shortbow
Press: ? - help, Q - select action, (/) - cycle Shift-Dir - straight line, f/p - Natasha
Aim: Natasha (almost dead, 56% to hit)
You shoot an arrow. The arrow hits Natasha.
You kill Natasha!
Natasha screams in pain as she dies! 😎 HP[+1]
You now have 47 max hp (+1).
Your hp is fully restored (47).
No target in view!
There is a stone staircase leading down here.
Items here: )) [ ÷÷.
Crazy Yiuf shouts!
No reachable target in view!
Could not explore, unopened runed door.
As you open the door, it creaks loudly!
You shoot an arrow. The arrow hits Crazy Yiuf.
Crazy Yiuf hits you with a +2 quarterstaff of chaos!
You are poisoned.
Crazy Yiuf is nearby! 😕 HP[-9]
You take 9 damage, and now have 38/47 hp.
You shoot an arrow. The arrow hits Crazy Yiuf.
You feel very sick.
Crazy Yiuf drinks a potion.
Crazy Yiuf flickers and vanishes!
Deactivating autopickup; reactivate with Ctrl-A. 😕 HP[-2]
You take 2 damage, and now have 36/47 hp.
You shoot an arrow.
You feel sick. Something hits you!
* * * LOW HITPOINT WARNING * * *
You are lethally poisoned! 😨 HP[-18]
You take 18 damage, and now have 18/47 hp.
MASSIVE DAMAGE!! (PAUSE)
* * * LOW HITPOINT WARNING * * *
You feel extremely sick. 😱 HP[-8]
You take 8 damage, and now have 10/47 hp.
* * * LOW HITPOINT WARNING * * *
You feel very sick. 😱 HP[-6]
You take 6 damage, and now have 4/47 hp.
Something hits you!
You die...

Skill      XL: |  1  2  3  4 |
---------------+-------------+-----
Fighting       | 3 4 |  4.3
Dodging        | 3 |  3.9
Ranged Weapons | 5 |  5.4
Stealth        | |  0.7

Action                     |  1- 3 |  4- 6 || total
---------------------------+-------+-------++-------
   Fire: Shortbow          |    69 |    44 ||   113
 Armour: Leather armour    |     2 |     6 ||     8
  Dodge: Dodged            |    20 |    14 ||    34

Levels and vault maps discovered:
D:1:      ncdulo_smallfort, layout_rooms
D:2:      layout_loops_ring, serial_shops, nicolae_square_shop,
          shapermc_ecumenical_altar_pompeii, uniq_jessica, uniq_robin,
          uniq_crazy_yiuf_cottage, uniq_natasha, uniq_terence

Notes
Turn   | Place    | Note
-------+----------+-------------------------------------------
     0 | D:1      | Elmgren the Minotaur Hunter began the quest for the Orb.
     0 | D:1      | Reached XP level 1. HP: 18/18 MP: 0/0
     0 | D:1      | magus.rc [v1.11.6]
    97 | D:1      | Reached XP level 2. HP: 25/25 MP: 1/1
   288 | D:1      | Reached skill level 3 in Fighting
   529 | D:2      | Noticed Robin
   548 | D:1      | HP: 6/26 [goblin/sling bullet[Robin] (2)]
   550 | D:1      | Reached XP level 3. HP: 8/31 MP: 2/2
   647 | D:1      | Killed Robin
   648 | D:1      | Reached skill level 3 in Dodging
   701 | D:2      | Noticed Jessica
   706 | D:2      | Killed Jessica
   707 | D:2      | Reached skill level 5 in Ranged Weapons
   707 | D:2      | Reached XP level 4. HP: 39/40 MP: 3/3
   734 | D:2      | Found Jabeiwec's Weapon Shop.
   893 | D:2      | Noticed Terence
   903 | D:2      | Killed Terence
   904 | D:2      | Reached skill level 4 in Fighting
   984 | D:2      | Found a faded altar of an unknown god.
  1097 | D:2      | Found a runed translucent door.
  1098 | D:2      | Noticed Crazy Yiuf
  1227 | D:2      | Noticed Natasha
  1229 | D:2      | Killed Natasha
  1230 | D:2      | Reached XP level 5. HP: 46/46 MP: 4/4
  1295 | D:2      | Noticed Natasha
  1299 | D:2      | Killed Natasha
  1365 | D:2      | HP: 10/47 [poisoned by Crazy Yiuf]
  1366 | D:2      | HP: 4/47 [poisoned by Crazy Yiuf]
  1367 | D:2      | Slain by Crazy Yiuf

Vanquished Creatures
  Jessica (D:2)
  Terence (D:2)
  Natasha (twice) (D:2)
  Robin (D:1)
  An adder (D:2)
  2 endoplasms
  2 giant cockroaches
  10 goblins
  6 hobgoblins
  3 kobolds
  3 quokkas (D:1)
  A ball python (D:1)
  8 bats
  2 rats (D:1)
43 creatures vanquished.

Table legend:
 A = Non-vault XP
 B = Vault XP
 C = Vault XP percentage of total XP
 D = Non-vault monster count
 E = Vault monster count
 F = Vault count percentage of total count
                 A         B        C        D         E       F
            +---------+---------+-------+---------+---------+-------
      Total |     101 |     136 |  57.4 |      33 |      10 |  23.3
            +---------+---------+-------+---------+---------+-------
        D:1 |      33 |      18 |  35.3 |      20 |       2 |   9.1
        D:2 |      68 |     118 |  63.4 |      13 |       8 |  38.1
            +---------+---------+-------+---------+---------+-------

Skill      XL: |  1  2  3  4 |
---------------+-------------+-----
Fighting       | 3 4 |  4.3
Dodging        | 3 |  3.9
Ranged Weapons | 5 |  5.4
Stealth        | |  0.7

Action                     |  1- 3 |  4- 6 || total
---------------------------+-------+-------++-------
   Fire: Shortbow          |    69 |    44 ||   113
 Armour: Leather armour    |     2 |     6 ||     8
  Dodge: Dodged            |    20 |    14 ||    34

Illustrated notes

Table legend:
 A = Kills in this place as a percentage of kills in the entire game.
 B = Kills by you in this place as a percentage of kills by you in the entire game.
 C = Kills by friends in this place as a percentage of kills by friends in the entire game.
 D = Other kills in this place as a percentage of other kills in the entire game.
 E = Experience gained in this place as a percentage of experience gained in the entire game.
 F = Experience gained in this place divided by the number of levels of this place that you have seen.
                   A       B       C       D       E      F
               +-------+-------+-------+-------+-------+----------------------
         Total | 100.0 | 100.0 |   N/A |   N/A | 100.0 | 118.5
       Dungeon | 100.0 | 100.0 |   N/A |   N/A | 100.0 | 118.5
               +-------+-------+-------+-------+-------+----------------------

Table legend: (Time is in decaauts)
 A = Elapsed time spent in this place.
 B = Non-inter-level travel time spent in this place.
 C = Inter-level travel time spent in this place.
 D = Time resting spent in this place.
 E = Time spent auto-exploring this place.
 F = Levels seen in this place.
 G = Mean time per level.
                   A        B        C        D        E       F      G
               +--------+--------+--------+--------+--------+-----+--------+
         Total |   1391 |   1365 |     26 |     91 |   1054 |   2 |  695.5 |
       Dungeon |   1391 |   1365 |     26 |     91 |   1054 |   2 |  695.5 |
               +--------+--------+--------+--------+--------+-----+--------+

Top non-repeatable levels by time:
     D:2: 746 daAuts
     D:1: 645 daAuts
